 Dungeon Crawl Stone Soup version 0.29.1-12-g30fa7ad0bf (webtiles) character file.

Game seed: 326667586077183458

9529 GeoRichter the Basher (level 11, -6/101 HPs)
             Began as a Hill Orc Fighter on Dec 25, 2022.
             Was a Believer of the Shining One.
             Succumbed to a hornet's poison
             ... on level 9 of the Dungeon.
             The game lasted 00:19:47 (13118 turns).

GeoRichter the Basher (Hill Orc Fighter)           Turns: 13118, Time: 00:19:48

Health: -6/101     AC: 12    Str: 24    XL:     11   Next: 47%
Magic:  11/11      EV:  9    Int:  8    God:    the Shining One [**....]
Gold:   746        SH:  9    Dex: 10    Spells: 10/10 levels left

rFire   . . .      SeeInvis .   b - +0 morningstar
rCold   + . .      Faith    .   c - +0 buckler
rNeg    + . .      Spirit   .   N - +0 chain mail {Will+}
rPois   .          Reflect  +   (no helmet)
rElec   .          Harm     .   (no cloak)
rCorr   .          Rampage  .   p - +0 pair of gloves
Will    +....                   (no boots)
Stlth   ..........              z - amulet of reflection
HPRegen 0.26/turn               r - ring of protection from cold
MPRegen 0.12/turn               (no ring)

@: lethally poisoned (-6 -> -25), flying, slowed, glowing, very slow
A: no striking features
a: Renounce Religion, Divine Shield


You were on level 9 of the Dungeon.
You worshipped the Shining One.
The Shining One was pleased with you.
You visited 1 branch of the dungeon, and saw 11 of its levels.

You collected 746 gold pieces.

Inventory:

Hand Weapons
 a - a +0 war axe
 b - a +0 morningstar (weapon)
   (You took it off an orc on level 6 of the Dungeon)
 w - the +10 dark maul {vorpal}
   (You found it on level 4 of the Dungeon)

   It inflicts extra damage upon your enemies.
Missiles
 O - a boomerang of dispersal (quivered) {!f}
Armour
 c - a +0 buckler (worn)
 p - a +0 pair of gloves (worn)
   (You found it on level 2 of the Dungeon)
 t - a +0 pair of boots
   (You found it on level 8 of the Dungeon)
 N - a +0 chain mail of willpower (worn)
   (You found it on level 11 of the Dungeon)
Jewellery
 r - a ring of protection from cold (left hand)
   (You found it on level 3 of the Dungeon)
 z - an amulet of reflection (around neck)
   (You found it on level 5 of the Dungeon)
 E - an amulet of regeneration
   (You found it on level 6 of the Dungeon)
 G - the ring of Shadows {Umbra +Inv Stlth+}
   (You took it off an orc on level 6 of the Dungeon)

   [ring of stealth]

   It surrounds you with an aura of shadow, increasing your stealth and reducing
   the accuracy of all others within it.
   +Inv:      It lets you turn invisible.
   Stlth:     It makes you more stealthy.
 J - a ring of magical power
   (You found it on level 7 of the Dungeon)
Wands
 u - a wand of paralysis (8)
   (You took it off Ijyb on level 4 of the Dungeon)
 K - a wand of mindburst (15)
   (You found it on level 8 of the Dungeon)
 L - a wand of light (4)
   (You found it on level 11 of the Dungeon)
Scrolls
 e - 2 scrolls of teleportation {@r4}
 f - a scroll of fog {unknown}
 h - a scroll of noise {unknown}
 k - a scroll of identify {@r1}
 l - 4 scrolls of enchant armour {unknown}
 q - 2 scrolls of magic mapping {unknown}
 x - 4 scrolls of blinking
 y - 2 scrolls of vulnerability {unknown}
 A - 2 scrolls of immolation {!r}
 M - 2 scrolls of summoning {unknown}
Potions
 d - 2 potions of might
 g - a potion of brilliance
 i - 2 potions of haste {@q3}
 m - a potion of cancellation
 o - a potion of magic
 s - a potion of flight
 B - a potion of mutation {unknown}
 C - a potion of ambrosia {unknown}
 D - 2 potions of berserk rage
 F - a potion of lignification {!q}
 H - a potion of heal wounds {unknown}
 I - a potion of attraction {unknown}
Miscellaneous
 j - a lightning rod (4/4) {!a}
   (You found it on level 11 of the Dungeon)


   Skills:
 + Level 10.5 Fighting
 - Level 7.5(11.4) Axes
 * Level 11.3(12.0) Maces & Flails
 + Level 8.8 Armour
 - Level 5.8 Dodging
 - Level 3.3 Shields
 + Level 1.3 Evocations


You had 10 spell levels left.
You didn't know any spells.
Your spell library contained the following spells:

 Spells                   Type           Power      Damage    Failure   Level
 Call Canine Familiar     Summ           0%         N/A       100%        3
 Dazzling Flash           Conj/Hex       0%         N/A       100%        3
 Gell's Gravitas          Tloc           0%         N/A       100%        3
 Portal Projectile        Hex/Tloc       0%         N/A       100%        3
 Teleport Other           Tloc           0%         N/A       100%        3
 Leda's Liquefaction      Hex/Erth       0%         N/A       100%        4
 Agony                    Necr           0%         N/A       100%        5
 Silence                  Hex/Air        0%         N/A       100%        5
 Dispersal                Tloc           0%         N/A       100%        6


Dungeon Overview and Level Annotations

Branches:
Dungeon (11/15) Zot: 25421  Temple (0/1) D:4            Lair (0/5) D:8
    Orc: D:9-12

Altars:
Cheibriados
Fedhas
Hepliaklqana
Nemelex Xobeh
Sif Muna
Trog
Uskayaw
Xom
Yredelemnul
The Shining One

Shops:
D:10 [

Annotations:
D:5 1 runed translucent door, Terracrafty's ghost, novice KoHu
D:7 1 transporter


Message History

You feel very sick. The hornet stings you!
* * * LOW HITPOINT WARNING * * *
You are lethally poisoned!
You feel as though you will be slow longer.
You can move again.
As you read the scroll of fear, it crumbles to dust.
You assume a fearsome visage.
The hornet looks frightened!
* * * LOW HITPOINT WARNING * * *
You feel extremely sick.
Okay, then.
You feel better.
Aim: a hornet (fleeing, chance to affect: 62%)
Your attack snaps the hornet out of its fear.
The hornet resists with significant effort.
Aim: a hornet (chance to affect: 62%)
The hornet resists with significant effort.
You feel yourself speed up.
Aim: a hornet (haloed, 71% to hit)
The bolt of light hits the hornet!
The hornet is blinded.
The hornet barely misses you.
Okay, then.
You sock the hornet!
The hornet stings you but does no damage.
You hit the hornet but do no damage. The hornet closely misses you.
You barely miss the hornet. You block the hornet's attack. x2
You closely miss the hornet. You block the hornet's attack.
You hit the hornet. The hornet closely misses you.
The hornet stings you but does no damage.
You barely miss the hornet. The hornet barely misses you.
You hit the hornet. The hornet barely misses you. The hornet stings you!
* * * LOW HITPOINT WARNING * * *
You feel yourself slow down.
You barely miss the hornet. The hornet stings you!
* * * LOW HITPOINT WARNING * * *
You are lethally poisoned!
You feel as though you will be slow longer.
It was a potion of flight.
You feel very buoyant.
You fly up into the air.
* * * LOW HITPOINT WARNING * * *
You feel very sick. The hornet completely misses you.
The hornet closely misses you. The hornet stings you.
* * * LOW HITPOINT WARNING * * *
You are more poisoned.
You feel as though you will be slow longer.
You sock the hornet!
You kill the hornet!
You die...

## #.### #...# #
#.#.#####
...#.#...@.#
#......##)#
#.###..##)#
#....##)...# #.(.
###...######..o..
#... #.....# .#..
#... #...##### .#
#...#######.....#.#
#
#...#..............


There were no monsters in sight!

Vanquished Creatures
  A hydra (D:8)
  3 unseen horrors
  A troll (D:6)
  A hornet (D:9)
  A wyvern (D:8)
  19 yaks
  A wraith (D:7)
  2 wargs (D:8)
  3 water moccasins
  A sky beast (D:8)
  2 ice beasts
  4 black bears
  7 orc warriors
  3 ogres
  4 phantoms
  A centaur (D:9)
  A kobold brigand (D:5)
  A bullfrog (D:6)
  2 necrophages
  7 scorpions
  3 wights (D:7)
  10 howler monkeys
  2 orc priests
  A hound (D:4)
  4 jellies
  Ijyb (D:4)
  An iguana (D:5)
  13 orc wizards
  A gnoll (D:5)
  7 adders
  2 white imps
  3 ufetubi
  2 worms
  4 dart slugs
  45 orcs
  9 bats
  10 endoplasms
  4 giant cockroaches
  6 goblins
  13 hobgoblins
  10 jackals
  12 kobolds
  3 quokkas
  13 ball pythons
  7 frilled lizards
  6 rats
257 creatures vanquished.

Vanquished Creatures (others)
  A manticore (D:11)
  A demonic plant (D:3)
  A fungus (D:7)
  2 plants (D:4)
  A withered plant (D:3)
6 creatures vanquished.

Grand Total: 263 creatures vanquished

Notes
Turn   | Place    | Note
-------+----------+-------------------------------------------
     0 | D:1      | GeoRichter the Hill Orc Fighter began the quest for the
                  | Orb.
     0 | D:1      | Reached XP level 1. HP: 19/19 MP: 1/1
    94 | D:1      | Reached XP level 2. HP: 27/27 MP: 2/2
   696 | D:1      | Reached XP level 3. HP: 33/33 MP: 3/3
  1317 | D:2      | Identified the +0 robe of Dithmenos's Pride {rC+++ rCorr
                  | MP+9}
  1517 | D:2      | Reached XP level 4. HP: 41/41 MP: 4/4
  1782 | D:2      | Reached skill level 5 in Axes
  1970 | D:3      | Found a faded altar of an unknown god.
  2372 | D:3      | Reached XP level 5. HP: 15/47 MP: 5/5
  2378 | D:3      | HP: 2/47 [orc wizard/+0 club (5)]
  2380 | D:3      | Reached skill level 5 in Fighting
  3456 | D:3      | Found a blossoming altar of Fedhas.
  3456 | D:3      | Found a glowing golden altar of the Shining One.
  3468 | D:3      | Found a snail-covered altar of Cheibriados.
  3471 | D:3      | Found a faded altar of an unknown god.
  3473 | D:3      | Found a basalt altar of Yredelemnul.
  3495 | D:3      | Became a worshipper of the Shining One
  3592 | D:4      | Identified the +3 hand axe of Novenoc {drain, rElec rCorr
                  | Str+4}
  3640 | D:4      | Noticed Ijyb
  3648 | D:4      | Paralysed by Ijyb for 5 turns
  3654 | D:4      | Killed Ijyb
  3655 | D:4      | Reached XP level 6. HP: 37/56 MP: 6/6
  4164 | D:4      | Found the +10 dark maul {vorpal}
  4201 | D:4      | Found a staircase to the Ecumenical Temple.
  4468 | D:5      | Entered Level 5 of the Dungeon
  4551 | D:5      | Found a hazy altar of Hepliaklqana.
  4558 | D:5      | Found a hide-covered altar of Uskayaw.
  4665 | D:5      | Reached skill level 1 in Maces & Flails
  4673 | D:5      | Reached XP level 7. HP: 46/62 MP: 7/7
  4830 | D:5      | Reached skill level 2 in Maces & Flails
  4830 | D:5      | Reached skill level 1 in Dodging
  5085 | D:5      | Found a shimmering blue altar of Sif Muna.
  5160 | D:5      | Reached skill level 3 in Maces & Flails
  5588 | D:5      | Reached XP level 8. HP: 57/71 MP: 8/8
  5599 | D:5      | Reached skill level 4 in Maces & Flails
  5734 | D:5      | Found a bloodstained altar of Trog.
  6200 | D:5      | Found a runed translucent door.
  6201 | D:5      | Noticed a yak
  6201 | D:5      | Noticed Terracrafty's ghost (novice KoHu)
  6337 | D:6      | Reached * piety under the Shining One
  6342 | D:6      | Noticed a troll
  6358 | D:6      | Killed a troll
  6359 | D:6      | Reached skill level 5 in Maces & Flails
  6359 | D:6      | Reached skill level 5 in Armour
  6518 | D:6      | Found a shimmering altar of Xom.
  6644 | D:6      | Reached skill level 6 in Maces & Flails
  6644 | D:6      | Reached XP level 9. HP: 71/79 MP: 9/9
  7328 | D:6      | Reached skill level 7 in Maces & Flails
  8048 | D:6      | Found a shimmering altar of Xom.
  8976 | D:7      | Found a sparkling altar of Nemelex Xobeh.
  8976 | D:7      | Found a transporter.
  8976 | D:7      | Noticed a tengu warrior
  9096 | D:7      | Reached ** piety under the Shining One
  9098 | D:7      | Reached skill level 8 in Maces & Flails
  9377 | D:7      | Reached XP level 10. HP: 82/90 MP: 10/10
  9429 | D:7      | Found the +7 Singing Sword {vorpal, sonic wave}
  9661 | D:8      | Found a staircase to the Lair.
  9918 | D:8      | You fall into a shaft and drop 3 floors!
 10171 | D:11     | Noticed an unseen horror
 10188 | D:11     | Killed an unseen horror
 10189 | D:11     | Reached skill level 9 in Maces & Flails
 10257 | D:11     | Noticed an unseen horror
 10266 | D:11     | Killed an unseen horror
 10295 | D:11     | Noticed a manticore
 10331 | D:10     | Entered Level 10 of the Dungeon
 10333 | D:10     | Noticed a kobold demonologist
 10389 | D:10     | Found Tustyil's Armour Boutique.
 10652 | D:11     | Killed a manticore
 10653 | D:11     | Reached skill level 5 in Dodging
 11522 | D:10     | Noticed an unseen horror
 11527 | D:10     | Killed an unseen horror
 11528 | D:10     | Reached skill level 10 in Maces & Flails
 11570 | D:9      | Reached XP level 11. HP: 50/99 MP: 11/11
 11575 | D:9      | Reached skill level 10 in Fighting
 12264 | D:8      | Noticed an eight-headed hydra
 12269 | D:8      | Killed an eight-headed hydra
 12270 | D:8      | Reached skill level 11 in Maces & Flails
 12857 | D:9      | Reached skill level 1 in Evocations
 13102 | D:9      | Paralysed by a hornet for 2 turns
 13116 | D:9      | HP: 5/101 [hornet (12)]
 13117 | D:9      | HP: 2/101 [poisoned by a hornet]
 13118 | D:9      | Succumbed to a hornet's poison

Illustrated notes

Levels and vault maps discovered:
D:1:      wheals_arrival_shading, layout_loops_corners, st_stairs_12
D:2:      layout_loops_ring
D:3:      layout_basic, chequers_temple_overflow_minitemple,
          shapermc_ecumenical_altar_gd
D:4:      layout_rooms, minmay_temple_entry_enclosed_plants, uniq_ijyb
D:5:      layout_basic, mainiacjoe_overflow_alcove_2,
          gammafunk_temple_overflow_forgotten, ebering_ghost_inner_flame,
          small_statue_intersection, minmay_pentangle
D:6:      layout_gridville, xom_butterflies, minmay_fractal_squares_5
D:7:      old_forge, layout_loops_ring, grunt_nemelex_the_gamble
D:8:      layout_gridville, erik_lair_orcish_takeover
D:9:      layout_basic, david_orc_4
D:10:     wad_cavern_with_rooms, layout_small_grid, gammafunk_ghost_necromancy,
          serial_shops, nicolae_shop_competitors_out_of_business
D:11:     layout_irregular_city

Skill      XL: |  1  2  3  4  5  6  7  8  9 10 11 |
---------------+----------------------------------+-----
Axes           | 3 4 6 7 |  7.5
Fighting       | 4 5 6 7 8 9 10 | 10.5
Maces & Flails | 1 3 6 8 10 11 | 11.3
Dodging        | 2 3 4 5 |  5.8
Armour         | 4 5 6 8 |  8.8
Evocations     | 1 |  1.3
Shields        | |  3.3

Action                   |  1- 3 |  4- 6 |  7- 9 | 10-12 || total
-------------------------+-------+-------+-------+-------++-------
Melee: War axe           |   126 |   191 |   202 |       ||   519
       Morningstar       |       |       |    53 |   244 ||   297
       Maul              |       |       |    22 |    21 ||    43
Throw: Javelin           |       |     2 |    23 |    11 ||    36
Invok: Divine Shield     |       |       |       |     1 ||     1
Evoke: Wand              |       |       |     1 |     6 ||     7
  Use: Scroll            |       |     6 |     3 |     8 ||    17
       Potion            |       |       |     1 |     8 ||     9
Armor: Scale mail        |    21 |       |       |       ||    21
       Chain mail        |    57 |   110 |   141 |    74 ||   382
       Skin              |       |       |       |    10 ||    10
Dodge: Dodged            |    34 |    61 |   102 |    69 ||   266
Block: Buckler           |    26 |    40 |   116 |    78 ||   260
       Reflection        |       |       |     3 |     6 ||     9
       Other             |       |       |     6 |     7 ||    13
